 Dungeon Crawl Stone Soup version 0.31.0-12-g77e489cdc1 (webtiles) character file.

Game seed: 16200665106473259195

7 monsoonserge the Sneak (level 2, -1/21 HPs)
             Began as an Octopode Delver on Mar 4, 2024.
             Slain by a white imp (3 damage)
             ... on level 5 of the Dungeon.
             The game lasted 00:01:52 (187 turns).

monsoonserge the Sneak (Octopode Delver)             Turns: 187, Time: 00:01:53

Health: -1/21      AC:  1    Str: 11    XL:     2   Next: 0%
Magic:  2/2        EV: 12    Int: 12    God:
Gold:   40         SH:  4    Dex: 13    Spells: 1/1 levels left

rFire   . .          .
                       - Unarmed
rCold   . . .        g - +0 buckler
rNeg    . . .        (helmet restricted)
rPois   .            (no amulet)
rElec   .            (no ring)
rCorr   .            (no ring)
SInv    .            (no ring)
Will    .....        (no ring)
Stlth   ++++         (no ring)
HPRegen 0.23/turn    (no ring)
MPRegen 0.08/turn    (no ring)
                     (no ring)

%: no passive effects
@: no status effects
A: almost no armour, amphibious, 8 rings, camouflage 1, gelatinous body 1,
(nimble swimmer 1), tentacles
a: no special abilities


You were on level 5 of the Dungeon.
You visited 1 branch of the dungeon, and saw 2 of its levels.

You collected 40 gold pieces.

Inventory:

Armour
 g - a +0 buckler (worn)
Wands
 e - a wand of digging (3)
 h - a wand of mindburst (7)
Scrolls
 a - a scroll of fog
 c - a scroll of fear
 f - a scroll of identify {unknown}
Potions
 b - 2 potions of curing {unknown}
 d - a potion of haste


   Skills:
 - Level 3.0 Fighting
 - Level 2.0 Dodging
 + Level 6.9 Stealth
 * Level 0.4 Shields
 * Level 2.1 Unarmed Combat


You had one spell level left.
You didn't know any spells.
Your spell library was empty.

Dungeon Overview and Level Annotations

Branches:
Dungeon (5/15)
 Temple: D:4-7

Altars:

Shops:
D:4 :   D:5 *


Innate Abilities, Weirdness & Mutations

You cannot wear most types of armour.
You are amphibious.
You can wear up to eight rings at the same time.
Your skin changes colour to match your surroundings (Stealth+).
Your rubbery body absorbs attacks. (AC +1, EV +1)
((You are camouflaged when in or above water. (Stealth+)))
You have tentacles for arms and can constrict up to eight enemies at once.


Message History

You tentacle-slap the jackal. Your squeeze misses the jackal.
The jackal is almost dead.
You constrict the jackal.
You kill the jackal!
The jackal closely misses you.
You tentacle-slap the jackal. You grab the jackal.
Your squeeze misses the jackal.
The jackal is severely wounded.
You constrict the jackal. The jackal bites you. The jackal barely misses you.
You tentacle-slap the jackal but do no damage.
The jackal is almost dead.
You constrict the jackal.
You kill the jackal!
You have reached level 2!
You see here a jackal corpse.
You now have enough gold to buy a golden potion on D:5, buy a scroll labelled FULOIT CIGIA on D:5, or buy a scroll labelled XOMMUTAPSE on D:5.
You can access your shopping list by pressing '$'.
You now have 35 gold pieces (gained 13).
Found Imujygez's Book Shop.
Unknown command.
There is an entrance to Imujygez's Book Shop here.
Found a stone staircase leading down.
Found an orcbow.
Found 5 gold pieces.
There is a stone staircase leading down here.
You now have 40 gold pieces (gained 5).
There are no items here.
There is a stone staircase leading down here.
You climb downwards.
The white imp gestures at you. The puff of frost hits you!
There is a stone staircase leading up here.
The white imp gestures at you. The puff of frost hits you!
* * * LOW HITPOINT WARNING * * *
The white imp sputters.
The white imp hits you.
* * * LOW HITPOINT WARNING * * *
The white imp freezes you.
You die...

... <.) ... .8## ...
#.###### ##5#....#
#####.@.....#.#.
..............)..
...#....#.######..
....#....<........
...........#####.##
l#..#........#....#
##..######...#.#..# ..
.......∩.....#.#..###..
###..........#.........


You could see an iguana (asleep) and a white imp.

Vanquished Creatures
  A ball python (D:4)
  4 jackals (D:4)
5 creatures vanquished.

Notes
Turn   | Place    | Note
-------+----------+-------------------------------------------
     0 | D:5      | monsoonserge the Octopode Delver began the quest for the
                  | Orb.
     0 | D:5      | Reached XP level 1. HP: 16/16 MP: 1/1
    20 | D:5      | Found Joshrof's Assorted Antiques.
    40 | D:5      | Noticed an iguana
   116 | D:4      | Reached XP level 2. HP: 19/21 MP: 2/2
   122 | D:4      | Found Imujygez's Book Shop.
   187 | D:5      | Slain by a white imp

Illustrated notes

Levels and vault maps discovered:
D:4:      layout_gridville, serial_shops, shop
D:5:      layout_basic, serial_shops, nicolae_square_shop, shop, shop, shop,
          nicolae_stop_n_shop_1, minmay_chambers_of_fives, uniq_duvessa,
          uniq_edmund

Action                     || total
---------------------------++-------
  Melee: Unarmed           ||    11
         Constrict         ||     4
  Evoke: Wand              ||     1
    Use: Scroll            ||     1
   Stab: Sleeping          ||     2
 Armour: Skin              ||     7
  Dodge: Dodged            ||     9
